 Dungeon Crawl Stone Soup version 0.17-a0-725-gfa8c127 (webtiles) character file.

42 oplop the Sneak (level 3, 0/18 HPs)
             Began as a Vine Stalker Assassin on Apr 20, 2015.
             Slain by a worm (7 damage)
             ... on level 2 of the Dungeon.
             The game lasted 00:01:37 (699 turns).

oplop the Sneak (Vine Stalker Assassin)              Turns: 699, Time: 00:01:37

Health: 0/18       AC:  4    Str: 13    XL:     3   Next: 54%
Magic:  0/4        EV: 11    Int: 11    God:
Gold:   38         SH:  0    Dex: 16    Spells: 0 memorised, 2 levels left

rFire  . . .     SeeInvis .     a - +2 dagger
rCold  . . .     Clarity  .     c - +0 robe
rNeg   . . .     SustAb   .     (no shield)
rPois  .         Gourm    .     (no helmet)
rElec  .         Spirit   +     d - +0 cloak
rCorr  .         Warding  .     (no gloves)
rMut   .         Stasis   .     (no boots)
MR     .....                    (no amulet)
Stlth  +++.......               (no ring)
                                (no ring)

@: lethally poisoned (0 -> -1), not resistant to hostile enchantments, fairly
stealthy
A: fangs 2, regeneration 1, shaggy fur 1, magic shield, antimagic bite, no
device heal 3, rot immunity
a: no special abilities


You were on level 2 of the Dungeon.
You were not hungry.

You visited 1 branch of the dungeon, and saw 2 of its levels.

You collected 38 gold pieces.

Inventory:

Hand weapons
 a - a +2 dagger (weapon)
 b - a +0 blowgun
Missiles
 e - 15 poisoned needles
 f - 2 curare-tipped needles
Armour
 c - a +0 robe (worn)
 d - a +0 cloak (worn)
Scrolls
 i - a scroll of fog {unknown}
 k - a scroll of enchant armour {unknown}
 m - a scroll of remove curse {unknown}
 n - 2 scrolls of magic mapping {unknown}
Potions
 h - a potion of cancellation {unknown}
 j - a potion of brilliance {unknown}
 l - a potion of curing {unknown}
 o - a potion of lignification {unknown}
Comestibles
 g - 2 bread rations


   Skills:
 - Level 1.7 Fighting
 + Level 2.8 Short Blades
 - Level 1.7 Throwing
 - Level 0.7 Dodging
 + Level 5.6 Stealth


You had 2 spell levels left.
You didn't know any spells.

Dungeon Overview and Level Annotations

Branches:
Dungeon (2/15)

Altars:
Trog

Annotations:
D:2 1 exclusion


Innate Abilities, Weirdness & Mutations

You have extremely sharp teeth.
Your natural rate of healing is unusually fast.
You are covered in fur (AC +1).
When hurt, damage is shared between your health and your magic reserves.
Your bite disrupts and absorbs the magic of your enemies.
Potions and wands cannot restore your health.
You are immune to rotting.


Message History

A worm is nearby!
b - a +0 blowgun (weapon)
Firing (i - inventory. (,) - cycle):
e - 17 poisoned needles (quivered)
Press: ? - help, Shift-Dir - straight line, f - worm
Aim: a worm (resting)
You shoot a poisoned needle.
The helpless worm fails to defend itself.
The poisoned needle hits the worm in a vulnerable spot!
The worm is poisoned.
You feel sick.
Firing (i - inventory. (,) - cycle):
e - 16 poisoned needles (quivered)
Press: ? - help, Shift-Dir - straight line, f/p - worm
Aim: a worm (lightly wounded, poisoned)
You shoot a poisoned needle. The poisoned needle hits the worm!
The worm looks even sicker.
The worm is lightly wounded.
a - a +2 dagger (weapon)
You feel sick.
You feel sick. The worm bites you!
You die...

#.#
###.########.##
#.#
#.............#
#.#
#.#.########.##
#.#
#.#.<..†..####
#.# #(#######.#
#.# #.# #.# #.#
#.# #.# #.# #.#
#.# #.# #@# #.#
####.# #w# #.#
.....# #.# #.#
###### .(. #.#
(#. . #.# #.
.#.# ##.# ##
##.# #..# #.#
#.## #.# #.#


You could see a worm.

Vanquished Creatures
  2 adders (D:2)
  2 worms (D:2)
  A ball python (D:2)
  2 bats (D:2)
  2 giant cockroaches (D:2)
  3 goblins (D:2)
  6 kobolds
  2 rats (D:2)
20 creatures vanquished.

Notes
Turn   | Place    | Note
--------------------------------------------------------------
     0 | D:1      | oplop, the Vine Stalker Assassin, began the quest for the Orb.
     0 | D:1      | Reached XP level 1. HP: 11/11 MP: 2/2
    54 | D:1      | You fall through a shaft!
    91 | D:2      | Reached skill level 5 in Stealth
   105 | D:2      | Reached XP level 2. HP: 9/15 MP: 0/3
   282 | D:2      | Reached XP level 3. HP: 18/18 MP: 4/4
   542 | D:2      | Found a bloodstained altar of Trog.
   699 | D:2      | Slain by a worm

Action                   || total
-------------------------++-------
Melee: Dagger            ||    58
 Fire: Blowgun           ||    11
 Stab: Sleeping          ||     6
